 Dungeon Crawl Stone Soup version 0.20.0-10-g0535bb4 (webtiles) character file.

77 Jmtistic the Chopper (level 4, -5/40 HPs)
             Began as a Minotaur Berserker on June 7, 2017.
             Was a Believer of Trog.
             Killed by divine providence
             ... invoked by an orc priest
              (14 damage)
             ... on level 3 of the Dungeon.
             The game lasted 00:06:10 (2253 turns).

Jmtistic the Chopper (Minotaur Berserker)           Turns: 2253, Time: 00:06:14

Health: -5/40      AC:  2    Str: 23    XL:     4   Next: 13%
Magic:  3/3        EV: 12    Int:  4    God:    Trog [**....]
Gold:   126        SH:  0    Dex:  9    Spells: 3/3 levels left

rFire    . . .     SeeInvis .   a - +0 hand axe
rCold    . . .     Gourm    .   (no shield)
rNeg     . . .     Faith    .   b - +0 animal skin
rPois    .         Spirit   .   (helmet restricted)
rElec    .         Reflect  .   (no cloak)
rCorr    .         Harm     .   (no gloves)
MR       .....                  (no boots)
Stlth    +.........             (no amulet)
Regen    0.2/turn               (no ring)
MPRegen  0.1/turn               (no ring)

@: berserk cooldown, slowed, very slow
A: retaliatory headbutt, horns 2
a: Berserk, Trog's Hand, Burn Spellbooks, Renounce Religion


You were on level 3 of the Dungeon.
You worshipped Trog.
Trog was pleased with you.
You were very hungry.

You visited 1 branch of the dungeon, and saw 3 of its levels.

You collected 126 gold pieces.

Inventory:

Hand Weapons
 a - a +0 hand axe (weapon)
Armour
 b - a +0 animal skin (worn)
Jewellery
 h - an uncursed ring of positive energy {unknown}
Scrolls
 d - 4 scrolls of magic mapping {unknown}
 e - a scroll of fog {unknown}
 f - a scroll of enchant armour {unknown}
 i - 3 scrolls of identify {unknown}
 j - a scroll of immolation {unknown}
 l - 2 scrolls of remove curse {unknown}
 m - a scroll of teleportation {unknown}
 o - a scroll of random uselessness {unknown}
Potions
 k - a potion of lignification {unknown}
 n - a potion of flight {unknown}
Comestibles
 c - 2 bread rations
 g - 2 chunks of flesh


   Skills:
 + Level 3.9 Fighting
 * Level 5.4 Axes
 * Level 2.8 Armour
 - Level 2.5 Dodging


You had 3 spell levels left.
You didn't know any spells.

Dungeon Overview and Level Annotations

Branches:
Dungeon (3/15)

Altars:
Dithmenos


Innate Abilities, Weirdness & Mutations

You reflexively headbutt those who attack you in melee.
You have a pair of horns on your head.


Message History

You can move again.
Things that are here:
a whip; a leather armour You closely miss the orc priest.
The orc priest calls down the wrath of Beogh upon you.
You resist with almost no effort.
You barely miss the orc priest.
The orc priest looks satisfied for a moment.
You hit the orc priest but do no damage.
The orc priest hits you with a flail!
* * * LOW HITPOINT WARNING * * *
The orc priest hits you but does no damage.
Okay, then.
You closely miss the orc priest. You headbutt the orc priest.
The orc priest is lightly wounded.
Your skin stops crawling.
You feel less resistant to hostile enchantments.
The orc priest calls down the wrath of Beogh upon you.
Beogh smites you!
You die...

#......
.(.....
.......
.......
##(......
#<.......
##)######.
#.)# #@##
#o# #.#
#.# #.#
..# .#. #
.


You could see an orc priest.

Vanquished Creatures
  3 adders (D:2)
  A dart slug (D:3)
  2 leopard geckos (D:1)
  3 orcs (D:3)
  4 giant cockroaches
  8 goblins
  8 hobgoblins
  5 bats
  2 frilled lizards
  4 kobolds
40 creatures vanquished.

Notes
Turn   | Place    | Note
-------+----------+-------------------------------------------
     0 | D:1      | Jmtistic the Minotaur Berserker began the quest for the Orb.
     0 | D:1      | Reached XP level 1. HP: 19/19 MP: 0/0
   560 | D:1      | Reached XP level 2. HP: 22/27 MP: 1/1
   759 | D:1      | Reached skill level 4 in Axes
  1377 | D:2      | Reached XP level 3. HP: 33/33 MP: 2/2
  1534 | D:2      | Reached skill level 5 in Axes
  1791 | D:2      | Found a shadowy altar of Dithmenos.
  1938 | D:2      | Reached ** piety under Trog
  2145 | D:2      | Reached XP level 4. HP: 40/40 MP: 3/3
  2253 | D:3      | Killed from afar by an orc priest

Skill      XL: |  1  2  3 |
---------------+----------+-----
Axes           | 4 5 |  5.4
Fighting       | |  3.9
Armour         | |  2.8
Dodging        | |  2.5

Action                   |  1- 3 |  4- 6 || total
-------------------------+-------+-------++-------
Melee: Hand axe          |    80 |    11 ||    91
       Headbutt          |     7 |     2 ||     9
Invok: Berserk           |     1 |     1 ||     2
       Trog's Hand       |       |     1 ||     1
  Eat: Chunk             |     5 |       ||     5
Armor: Animal skin       |    10 |       ||    10
Dodge: Dodged            |    56 |     3 ||    59
